 Dungeon Sprint DCSS version 0.31-a0-703-gcfe89afef6 (webtiles) character file.

Game seed: 11038006783406664748

797 rocky1 the Fighter (level 8, 0/76 HPs)
             Began as a Djinni Gladiator on Sept 9, 2023.
             Was an Initiate of Gozag.
             Slain by a wight
             ... wielding a +3 halberd of freezing
              (9 damage)
             ... in the Dungeon (Sprint IX: "|||||||||||||||||||||||||||||").
             The game lasted 00:01:36 (518 turns).

rocky1 the Fighter (Djinni Gladiator)                Turns: 518, Time: 00:01:37

Health: 0/76       AC:  3    Str: 16    XL:     8   Next: 13%
Gold:   0          EV:  8    Int: 14    God:    Gozag SH:  0 Dex: 16

rFire   + + .        l - +2 scimitar (holy)
rCold   x . .        (no shield)
rNeg    . . .        n - +1 chain mail
rPois   ∞            c - +0 helmet
rElec   .            (no cloak)
rCorr   .            m - +0 pair of gloves
SInv    .            (boots unavailable)
Will    .....        (no amulet) Stlth
                     o - +3 ring of strength
HPRegen 0.32/turn    p - +3 ring of intelligence
MPRegen 0.00/turn

%: no teleportation, infuse magic (-1 HP)
@: corroded, flying
A: sickness immunity, fire resistance 2, cold vulnerability 1, float, innate
caster, HP casting, extra vitality 1
a: Renounce Religion, Potion Petition, Call Merchant, Bribe Branch


You were in the Dungeon.
You worshipped Gozag.
Gozag was noncommittal.
You visited 1 branch

Inventory:

Hand Weapons
 a - a +0 long sword
 l - a +2 scimitar of holy wrath (weapon)
Missiles
 d - 3 throwing nets (quivered)
 e - a javelin
Armour
 b - a +0 leather armour
 c - a +0 helmet (worn)
 m - a +0 pair of gloves (worn)
 n - a +1 chain mail (worn)
Jewellery
 o - a +3 ring of strength (left hand)
 p - a +3 ring of intelligence (right hand)
Wands
 k - a wand of acid (10)
Scrolls
 j - 2 scrolls of blinking
Potions
 f - 4 potions of curing
 g - a potion of heal wounds
 h - a potion of haste
 i - a potion of invisibility


   Skills:
 * Level 13.7 Fighting
 + Level 9.4 Long Blades
 - Level 1.5 Throwing
 - Level 3.2 Dodging


You knew the following spells:

 Your Spells              Type           Power      Damage    Failure   Level
a - Summon Small Mammal   Summ           0%         N/A       99%         1
b - Blink                 Tloc           0%         N/A       99%         2
c - Jinxbite              Hex            0%         N/A       99%         2
Your spell library was empty.

Dungeon Overview and Level Annotations

Branches:
Dungeon (1/1)

Altars:
Cheibriados
Dithmenos
Elyvilon
Fedhas
Gozag
Hepliaklqana
Makhleb
Nemelex Xobeh
Okawaru
Qazlal
Ru
Trog
Uskayaw
Wu Jian
Xom
Yredelemnul
Zin
The Shining One
Jiyva
Lugonu


Innate Abilities, Weirdness & Mutations

You are immune to sickness and miasma.
You are immune to poison.
Your flesh is very heat resistant. (rF++)
You are vulnerable to cold. (rC-)
You float through the air rather than walking.
You learn spells naturally, not from books.
Your magical power is your life essence.
You have superior vitality. (+4 MHP)


Message History

The centaur kicks you but does no damage.
The centaur shouts!
You slash the centaur!
You kill the centaur!
Unknown command.
The wight hits you from afar with a +3 halberd of freezing!
* * * LOW HITPOINT WARNING * * *
The wight freezes you.
* * * LOW HITPOINT WARNING * * *
Things that are here:
171 gold pieces; a +0 shortbow You hit the centaur but do no damage.
The centaur is no longer distracted by gold.
The centaur hits you.
* * * LOW HITPOINT WARNING * * *
The centaur barely misses you.
Unknown command.
You feel much better. The centaur hits you. The centaur kicks you.
The wight hits you from afar with a +3 halberd of freezing!
* * * LOW HITPOINT WARNING * * *
The wight freezes you.
* * * LOW HITPOINT WARNING * * *
The centaur is distracted by your dazzling golden aura.
The centaur shouts!
You hit the centaur but do no damage.
The centaur is no longer distracted by gold.
The wight barely misses you. The centaur closely misses you.
The centaur kicks you but does no damage.
You hit the centaur.
The centaur is lightly wounded.
The centaur barely misses you. The centaur closely misses you.
The wight barely misses you. The centaur hits you.
* * * LOW HITPOINT WARNING * * *
The centaur kicks you.
* * * LOW HITPOINT WARNING * * *
You barely miss the centaur.
The centaur is lightly wounded.
The wight hits you from afar with a +3 halberd of freezing!
You die...
Your body crumbles into a pile of gold.

▓'▓
▓!▓
▓?▓
▓)▓
▓.▓
▓.▓
▓[▓
▓.▓
▓@▓
▓c▓
▓z▓
▓.▓
▓.▓
▓.▓
▓.▓
▓.▓
▓.▓


You could see a centaur and a wight.

Vanquished Creatures
  A kobold demonologist (D)
  A vampire (D)
  An ogre (D)
  A centaur (D)
  A phantom (D)
  A scorpion (D)
  A killer bee (D)
  A jelly (D)
  A sleepcap (D)
  An endoplasm (D)
  3 giant cockroaches (D)
  A ball python (D)
14 creatures vanquished.

Notes
Turn   | Place    | Note
-------+----------+-------------------------------------------
     0 | D        | rocky1 the Djinni Gladiator began the quest for the Orb.
     0 | D        | Reached XP level 1. HP: 18/18 MP: 0/0
    14 | D        | Reached skill level 3 in Fighting
    20 | D        | Reached XP level 2. HP: 25/25 MP: 0/0
   125 | D        | Noticed an ogre
   125 | D        | Noticed a scorpion
   125 | D        | Noticed a phantom
   130 | D        | Killed an ogre
   131 | D        | Reached skill level 7 in Fighting
   131 | D        | Reached skill level 5 in Long Blades
   131 | D        | Reached XP level 3. HP: 16/36 MP: 0/0
   131 | D        | Learned a level 1 spell: Summon Small Mammal
   131 | D        | Reached XP level 4. HP: 19/42 MP: 0/0
   133 | D        | Reached XP level 5. HP: 18/48 MP: 0/0
   133 | D        | Learned a level 2 spell: Blink
   137 | D        | Reached skill level 8 in Fighting
   142 | D        | Reached skill level 9 in Fighting
   142 | D        | Reached XP level 6. HP: 22/57 MP: 0/0
   152 | D        | Reached skill level 10 in Fighting
   422 | D        | Found a snail-covered altar of Cheibriados.
   422 | D        | Found a shadowy altar of Dithmenos.
   422 | D        | Found a white marble altar of Elyvilon.
   422 | D        | Found a blossoming altar of Fedhas.
   422 | D        | Found an opulent altar of Gozag.
   423 | D        | Found a hazy altar of Hepliaklqana.
   424 | D        | Found a viscous altar of Jiyva.
   426 | D        | Found a corrupted altar of Lugonu.
   427 | D        | Found a burning altar of Makhleb.
   428 | D        | Found a sparkling altar of Nemelex Xobeh.
   429 | D        | Found an iron altar of Okawaru.
   430 | D        | Became a worshipper of Gozag Ym Sagoz the Greedy
   431 | D        | Found a stormy altar of Qazlal.
   432 | D        | Found a sacrificial altar of Ru.
   434 | D        | Found a bloodstained altar of Trog.
   435 | D        | Found a hide-covered altar of Uskayaw.
   437 | D        | Found an ornate altar of the Wu Jian Council.
   438 | D        | Found a shimmering altar of Xom.
   439 | D        | Found a basalt altar of Yredelemnul.
   440 | D        | Found a glowing silver altar of Zin.
   441 | D        | Found a glowing golden altar of the Shining One.
   486 | D        | Noticed a kobold demonologist
   486 | D        | Noticed a vampire
   488 | D        | Noticed a rust devil
   491 | D        | Killed a kobold demonologist
   492 | D        | Reached skill level 12 in Fighting
   492 | D        | Reached XP level 7. HP: 65/67 MP: 0/0
   492 | D        | Learned a level 2 spell: Jinxbite
   505 | D        | Killed a vampire
   506 | D        | Reached skill level 13 in Fighting
   506 | D        | Reached XP level 8. HP: 33/75 MP: 0/0
   518 | D        | Slain by a wight

Illustrated notes

Levels and vault maps discovered:
D:        linesprint [early_d, line_temple, items_1, d_10, items_2, lair_1,
          lair_end, items_3, orc_1, orc_end, items_4, d_15, swamp_1, shoals_1,
          snake_1, spider_1, d_20, vaults_1, items_5, swamp_end, shoals_end,
          snake_end, spider_end, vaults_end, d_27, items_6, zot_1, zot_end,
          crypt_end, forest_end, elf_end, slime_end, tomb_end, abyss_end,
          pan_hell_end]

Skill      XL: |  1  2  3  4  5  6  7 |
---------------+----------------------+-----
Fighting       | 3 7 9 12 13 | 13.7
Long Blades    | 3 5 6 8 9 |  9.4
Throwing       | |  1.5
Dodging        | |  3.2

Action                     |  1- 3 |  4- 6 |  7- 9 || total
---------------------------+-------+-------+-------++-------
  Melee: Long sword        |    18 |    19 |       ||    37
         Scimitar          |       |     5 |    19 ||    24
    Use: Potion            |     1 |       |     3 ||     4
 Armour: Leather armour    |     9 |    12 |       ||    21
         Chain mail        |       |     5 |    31 ||    36
  Dodge: Dodged            |    15 |     5 |    13 ||    33

Table legend: (Time is in decaauts)
 A = Elapsed time spent in this place.
 B = Non-inter-level travel time spent in this place.
 C = Inter-level travel time spent in this place.
 D = Time resting spent in this place.
 E = Time spent auto-exploring this place.
 F = Levels seen in this place.
 G = Mean time per level.
                   A        B        C        D        E       F      G
               +--------+--------+--------+--------+--------+-----+--------+
         Total |    527 |    527 |      0 |    371 |      0 |   1 |  527.0 |
       Dungeon |    527 |    527 |      0 |    371 |      0 |   1 |  527.0 |
               +--------+--------+--------+--------+--------+-----+--------+

Top non-repeatable levels by time:
       D: 527 daAuts
